 Dungeon Crawl Stone Soup version 0.25.1-8-g42b30a86e7 (webtiles) character file.

Game seed: 10821425551356025746

1331 FancyManDan the Skirmisher (level 8, -1/87 HPs)
             Began as an Ogre Hunter on Dec 14, 2020.
             Slain by a wyvern (15 damage)
             ... on level 6 of the Dungeon.
             The game lasted 00:33:23 (7208 turns).

FancyManDan the Skirmisher (Ogre Hunter)            Turns: 7208, Time: 00:33:23

Health: -1/87      AC:  3    Str: 17    XL:     8   Next: 60%
Magic:  8/8        EV: 12    Int: 12    God:
Gold:   233        SH:  0    Dex: 11    Spells: 7/7 levels left

rFire    . . .     SeeInvis .   H - +1 flail (vorpal)
rCold    . . .     Gourm    .   (no shield)
rNeg     + . .     Faith    .   b - +0 robe
rPois    .         Spirit   .   (helmet restricted)
rElec    .         Reflect  .   (no cloak)
rCorr    .         Harm     .   (gloves unavailable)
MR       +....                  (boots unavailable)
Stlth    +.........             (no amulet)
HPRegen  0.24/turn              h - ring of protection from magic
MPRegen  0.11/turn              J - ring of positive energy

@: no status effects
A: large, unfitting armour, tough skin 1
a: no special abilities


You were on level 6 of the Dungeon.
You were not hungry.

You visited 1 branch of the dungeon, and saw 6 of its levels.
You also visited: Ossuary.

You collected 233 gold pieces.

Inventory:

Hand Weapons
 p - a +0 hunting sling
 C - a +0 giant club
 H - a +1 vorpal flail (weapon)
Missiles
 a - 27 sling bullets
 c - 2 large rocks
 d - 2 throwing nets
 e - 195 stones (quivered)
 q - 4 boomerangs
Armour
 b - a +0 robe (worn)
 B - a +0 kite shield
Jewellery
 h - a ring of protection from magic (left hand)
 J - a ring of positive energy (right hand)
Wands
 s - a wand of flame (12)
Scrolls
 i - 3 scrolls of remove curse
 j - a scroll of immolation
 m - 2 scrolls of identify
 v - 2 scrolls of blinking {unknown}
 y - a scroll of enchant weapon {unknown}
 D - a scroll of amnesia {unknown}
 G - a scroll of magic mapping {unknown}
Potions
 g - a potion of might {unknown}
 k - 2 potions of degeneration {unknown}
 l - 3 potions of lignification
 n - a potion of mutation {unknown}
 o - 3 potions of invisibility {unknown}
 t - 4 potions of haste {unknown}
 u - 2 potions of cancellation {unknown}
 w - a potion of brilliance {unknown}
 x - 2 potions of heal wounds {unknown}
 z - 3 potions of curing
 E - a potion of berserk rage {unknown}
 F - 2 potions of flight {unknown}
 I - a potion of magic {unknown}
Comestibles
 f - 7 rations
 L - 2 chunks of flesh


   Skills:
 + Level 7.4 Fighting
 + Level 3.9 Maces & Flails
 + Level 6.6 Throwing
 + Level 5.0 Dodging
 - Level 0.6 Stealth


You had 7 spell levels left.
You didn't know any spells.
Your spell library was empty.

Dungeon Overview and Level Annotations

Branches:
Dungeon (6/15)            Ossuary (visited)
 Temple: D:4-7

Altars:
Beogh

Annotations:
D:5 3 runed translucent doors, Snicker's ghost, novice OpTm
D:6 Menkaure


Innate Abilities, Weirdness & Mutations

You are too large for most types of armour.
You have tough skin. (AC +1)


Message History

The large rock closely misses the wyvern.
The wyvern bites you!
Fire/throw which item? (* to show all) (? for menu, Esc to quit)
Throwing (i - inventory. (/) - cycle)
e - 195 stones (quivered)
Press: ? - help, Shift-Dir - straight line, f/p - wyvern
Aim: a wyvern You throw a large rock.
The large rock hits the wyvern!
The wyvern is heavily wounded.
The wyvern bites you!
* * * LOW HITPOINT WARNING * * *
The wyvern bites you.
* * * LOW HITPOINT WARNING * * *
Fire/throw which item? (* to show all) (? for menu, Esc to quit)
Throwing (i - inventory. (/) - cycle)
e - 195 stones (quivered)
Press: ? - help, Shift-Dir - straight line, f/p - wyvern
Aim: a wyvern (heavily wounded)
You throw a large rock.
The large rock barely misses the wyvern.
The wyvern barely misses you. The wyvern bites you!
You die...

..#..%..#
..#.....#
.......#
#?....#
#.....#
#.....#
#.....#
#(..l@#
#######


You could see a wyvern.

Vanquished Creatures
  A sky beast (D:5)
  An ogre (D:4)
  A water moccasin zombie (D:5)
  6 scorpions
  A water moccasin skeleton (D:6)
  2 howler monkeys
  A bullfrog zombie (D:5)
  3 centaur zombies (Ossuary)
  3 orc priests
  A hound (D:5)
  A human zombie (Ossuary)
  4 orc wizards
  Terence (D:3)
  2 worker ants
  A big kobold zombie (Ossuary)
  3 mummies (Ossuary)
  A worker ant zombie (D:5)
  3 adders (D:2)
  5 scorpion zombies (Ossuary)
  An ooze (D:5)
  An adder skeleton (D:4)
  A worm (D:3)
  A dart slug (D:2)
  9 orcs
  3 giant cockroaches
  7 goblins
  7 hobgoblins
  12 jackals
  2 quokkas
  5 bats
  2 frilled lizards
  3 hobgoblin zombies (Ossuary)
  8 kobolds
  3 kobold zombies (Ossuary)
  An orc zombie (Ossuary)
  A quokka skeleton (D:5)
  11 rats
119 creatures vanquished.

Vanquished Creatures (others)
  A scorpion (Ossuary)
1 creature vanquished.

Grand Total: 120 creatures vanquished

Notes
Turn   | Place    | Note
-------+----------+-------------------------------------------
     0 | D:1      | FancyManDan the Ogre Hunter began the quest for the Orb.
     0 | D:1      | Reached XP level 1. HP: 22/22 MP: 1/1
   159 | D:1      | Reached skill level 3 in Fighting
   172 | D:1      | Reached XP level 2. HP: 29/31 MP: 2/2
  1115 | D:2      | Reached XP level 3. HP: 35/37 MP: 3/3
  1623 | D:2      | Reached XP level 4. HP: 30/48 MP: 4/4
  1957 | D:2      | Reached skill level 4 in Fighting
  2344 | D:3      | Noticed Terence
  2346 | D:3      | Killed Terence
  3040 | D:3      | Reached XP level 5. HP: 45/55 MP: 5/5
  3676 | D:3      | Reached skill level 1 in Maces & Flails
  3815 | D:4      | Reached skill level 5 in Throwing
  3912 | D:4      | Reached skill level 5 in Fighting
  3912 | D:4      | Reached XP level 6. HP: 60/66 MP: 6/6
  4758 | D:4      | Reached XP level 7. HP: 38/72 MP: 7/7
  5034 | D:5      | Entered Level 5 of the Dungeon
  5214 | D:5      | Found a sand-covered staircase.
  5257 | Ossuary  | Entered an ossuary
  5314 | Ossuary  | Reached skill level 6 in Fighting
  5974 | Ossuary  | Reached XP level 8. HP: 39/84 MP: 8/8
  6707 | D:5      | Reached skill level 7 in Fighting
  7095 | D:5      | Found a runed translucent gate.
  7097 | D:5      | Found a runed translucent gate.
  7097 | D:5      | Identified the +7 dagger "Notess" {drain, rF+}
  7098 | D:5      | Found a runed translucent gate.
  7098 | D:5      | Noticed Snicker's ghost (novice OpTm)
  7098 | D:5      | Identified the cursed +1 mace of Gluttony {vamp, Str+5}
  7136 | D:5      | Found a roughly hewn altar of Beogh.
  7172 | D:6      | Reached skill level 5 in Dodging
  7195 | D:6      | Noticed Menkaure
  7204 | D:6      | Noticed a wyvern
  7208 | D:6      | Slain by a wyvern

Illustrated notes

Levels and vault maps discovered:
D:1:      eino_arrival_cavern_a, layout_basic
D:2:      minmay_chambers_of_ones, layout_basic
D:3:      layout_loops_ring, first_ration, uniq_terence
D:4:      cheibrodos_helix_gallery, layout_basic
D:5:      layout_basic, biasface_ghost_orc_armoury, enter_ossuary_5
D:6:      layout_rooms, minmay_temple_entry_enclosed_plants, serial_shops,
          nicolae_shop_waterfront, wad_floor_pattern_untrapped,
          uniq_prince_ribbit1, uniq_menkaure

Skill      XL: |  1  2  3  4  5  6  7  8 |
---------------+-------------------------+-----
Fighting       | 3 4 5 6 7 |  7.4
Dodging        | 2 3 4 5 |  5.0
Maces & Flails | 1 2 3 |  3.9
Throwing       | 5 6 |  6.6
Stealth        | |  0.6

Action                   |  1- 3 |  4- 6 |  7- 9 || total
-------------------------+-------+-------+-------++-------
Melee: Short sword       |   123 |    48 |       ||   171
       Mace              |       |    69 |       ||    69
       Flail             |       |    13 |   154 ||   167
 Fire: Hunting sling     |       |    10 |       ||    10
Throw: Stone             |    17 |    52 |    39 ||   108
       Large rock        |     1 |     6 |    21 ||    28
  Use: Scroll            |       |       |     8 ||     8
 Stab: Sleeping          |     1 |       |     1 ||     2
       Distracted        |       |       |     1 ||     1
  Eat: Chunk             |     2 |     9 |     2 ||    13
       Ration            |       |       |     2 ||     2
Armor: Robe              |    28 |    30 |    23 ||    81
Dodge: Dodged            |    67 |    73 |    92 ||   232
